Map: Daybreak LE (Void)

Players

harstem - Winner!

  • Race: Protoss Protoss
  • Spawn Location: 1:00

Nerchio

  • Race: Zerg Zerg
  • Spawn Location: 7:00

Event: WESG 2016 Finals

VOD

Have the link to the VOD?

Description

Time

  • Played on: Jan. 11, 2017, 11:57 p.m.
  • Length: 15:38

All games in this series

Show
View Real Time Build Order
Export as new Build Order

harstem Protoss - Winner!

Build Orders: 1 Gate Expand, Zealot Archon, Dark Templar Rush 

Get SALT Encoding   

  12  0:00  Probe (Chrono Boost)  
  13  0:11  Probe (Chrono Boost)  
  14  0:18  Pylon  
  14  0:23  Probe (Chrono Boost)  
  15  0:36  Probe (Chrono Boost)  
  15  0:41  Gateway  
  16  0:47  Probe (Chrono Boost)  
  16  0:48  Assimilator  
  17  0:57  Probe (Chrono Boost)  
  18  1:08  Probe (Chrono Boost)  
  20  1:18  Probe (Chrono Boost)  
  20  1:26  Nexus  
  20  1:37  Cybernetics Core  
  20  1:39  Probe (Chrono Boost)  
  21  1:46  Assimilator  
  21  1:50  Probe (Chrono Boost)  
  22  1:55  Pylon  
  22  2:01  Probe (Chrono Boost)  
  23  2:10  Adept  
  23  2:14  Probe (Chrono Boost)  
  23  2:15  Warp Gate  
  26  2:24  Twilight Council  
  26  2:27  Probe (Chrono Boost)  
  27  2:37  Probe (Chrono Boost)  
  27  2:39  Probe (Chrono Boost)  
  29  2:45  Robotics Facility  
  29  2:48  Probe (Chrono Boost)  
  29  2:50  Probe (Chrono Boost)  
  31  2:59  Probe (Chrono Boost)  
  31  3:01  Probe (Chrono Boost)  
  33  3:09  Probe (Chrono Boost)  
  33  3:10  Dark Shrine  
  33  3:12  Probe (Chrono Boost)  
  36  3:20  Probe (Chrono Boost)  
  36  3:21  Gateway  
  36  3:22  Probe (Chrono Boost)  
  37  3:27  Warp Prism  
  37  3:31  Probe (Chrono Boost)  
  41  3:35  Adept  
  41  3:39  Mothership Core (Chrono Boost)  
  44  3:44  Probe (Chrono Boost), Pylon  
  46  3:56  Probe (Chrono Boost)  
  46  3:58  Assimilator  
  47  4:03  Probe (Chrono Boost)  
  47  4:07  Probe (Chrono Boost)  
  48  4:12  Nexus  
  48  4:13  Probe (Chrono Boost)  
  48  4:15  Pylon  
  49  4:17  Probe (Chrono Boost)  
  51  4:25  Dark Templar  
  51  4:27  Dark Templar  
  54  4:33  Probe x2 (Chrono Boost)  
  54  4:36  Assimilator  
  56  4:40  Pylon  
  56  4:43  Probe (Chrono Boost)  
  57  4:52  Immortal, Probe (Chrono Boost)  
  62  5:00  Probe (Chrono Boost)  
  62  5:03  Probe (Chrono Boost)  
  64  5:07  Pylon  
  64  5:11  Dark Templar x2, Probe (Chrono Boost)  
  64  5:13  Pylon  
  70  5:15  Probe (Chrono Boost)  
  70  5:17  Archon  
  70  5:19  Gateway  
  70  5:23  Probe (Chrono Boost), Pylon  
  70  5:25  Charge  
  70  5:27  Archon  
  72  5:29  Probe (Chrono Boost)  
  72  5:32  Probe (Chrono Boost)  
  72  5:34  Probe (Chrono Boost)  
  74  5:35  Gateway  
  74  5:38  Immortal  
  74  5:41  Probe (Chrono Boost)  
  75  5:43  Probe (Chrono Boost)  
  75  5:45  Probe (Chrono Boost)  
  81  5:54  Probe (Chrono Boost)  
  81  5:56  Probe (Chrono Boost)  
  84  5:58  Gateway  
  84  6:00  Gateway  
  84  6:01  Gateway, Probe (Chrono Boost)  
  84  6:04  Pylon  
  84  6:08  Gateway  
  84  6:10  Assimilator  
  84  6:14  Assimilator  
  84  6:15  Probe x2 (Chrono Boost)  
  86  6:18  Observer  
  86  6:22  Dark Templar x2  
  91  6:28  Archon  
  92  6:34  Probe (Chrono Boost)  
  92  6:35  Immortal, Forge, Probe x2 (Chrono Boost)  
  92  6:37  Pylon  
  92  6:38  Pylon  
  98  6:42  Dark Templar  
  98  6:44  Dark Templar  
  98  6:46  Pylon  
  102  6:48  Archon  
  102  6:53  Pylon  
  102  6:54  Protoss Ground Weapons Level 1  
  102  6:58  Zealot x4, Probe (Chrono Boost)  
  111  7:08  Sentry  
  113  7:18  Zealot x6  
  113  7:19  Zealot  
  127  7:23  Pylon  
  121  7:39  Zealot x5, Sentry x2  
  121  7:40  Zealot  
  133  7:49  Immortal  
  135  7:53  Probe (Chrono Boost)  
  136  8:00  Zealot x6  
  140  8:10  Zealot x2  
  132  8:15  Probe (Chrono Boost)  
  132  8:19  Probe (Chrono Boost)  
  126  8:22  Probe (Chrono Boost)  
  126  8:27  Sentry x4, Probe (Chrono Boost)  
  130  8:28  Immortal  
  130  8:33  Zealot, Sentry  
  140  8:40  Nexus  
  140  8:41  Protoss Ground Weapons Level 2  
  136  8:44  Zealot x2  
  130  8:50  Zealot x3  
  130  8:51  Zealot  
  136  8:56  Sentry  
  136  8:57  Sentry  
  136  8:59  Probe (Chrono Boost)  
  136  9:01  Templar Archives  
  136  9:02  Probe (Chrono Boost)  
  142  9:03  Pylon  
  142  9:06  Zealot, Dark Templar  
  134  9:19  Dark Templar x2  
  134  9:20  Dark Templar x2  
  138  9:27  Archon  
  138  9:28  Archon  
  138  9:30  Zealot x3  
  138  9:32  Immortal  
  112  9:54  Zealot x7  
  108  10:06  Robotics Facility  
  86  10:11  Dark Templar x2, Zealot, Immortal  
  92  10:16  Dark Templar, Archon  
  92  10:17  Dark Templar x3, Pylon  
  92  10:18  Zealot  
  102  10:21  Pylon  
  102  10:22  Archon x2  
  102  10:25  Pylon  
  100  10:40  Zealot  
  100  10:43  Zealot  
  100  10:46  Dark Templar  
  100  10:47  Dark Templar  
  106  10:50  Immortal  
  106  10:52  Archon, High Templar x2  
  106  10:53  Zealot x2  
  106  10:54  Probe (Chrono Boost)  
  106  10:55  Immortal  
  119  11:00  Probe (Chrono Boost), Photon Cannon x2  
  119  11:02  Archon  
  124  11:12  High Templar x2  
  128  11:19  Zealot, Archon  
  128  11:21  Zealot x2  
  134  11:29  Dark Templar  
  134  11:30  Dark Templar, Zealot, Immortal  
  144  11:38  Archon  
  146  11:42  Stalker  
  146  11:43  Stalker x2  
  146  11:46  Stalker  
  146  11:47  Stalker  
  149  11:54  Photon Cannon  
  149  11:56  Stalker  
  149  12:00  Probe (Chrono Boost)  
  136  12:11  Zealot x6  
  136  12:12  Immortal  
  143  12:17  Immortal  
  126  12:37  Stalker x3  
  126  12:42  Probe (Chrono Boost)  
  126  12:43  Probe (Chrono Boost)  
  134  12:46  Immortal  
  132  12:55  Dark Templar x2  
  134  13:00  Immortal  
  120  13:20  Immortal  
  120  13:24  Probe (Chrono Boost)  
  120  13:25  Probe (Chrono Boost)  
  120  13:26  Probe (Chrono Boost)  
  127  13:31  High Templar  
  127  13:32  Zealot x2, High Templar  
  135  13:39  Archon  
  134  13:42  Zealot x3  
  140  13:54  Probe (Chrono Boost)  
  141  13:55  Assimilator  
  141  14:00  Zealot x3  
  147  14:12  Dark Templar x2  
  147  14:13  Dark Templar  
  147  14:15  Zealot  
  155  14:21  Warp Prism  
  151  14:24  Archon  
  151  14:37  Immortal  
  143  14:55  Probe (Chrono Boost)  
  140  15:05  Zealot x8  
  136  15:25  Zealot x6  
Show
View Real Time Build Order
Export as new Build Order

Nerchio Zerg 

Build Orders: Hatch First 

Get SALT Encoding   

  12  0:00  Drone  
  13  0:12  Overlord  
  13  0:17  Drone  
  14  0:30  Drone x2  
  14  0:34  Drone  
  17  0:51  Drone  
  18  0:57  Hatchery  
  18  0:58  Drone  
  18  1:05  Extractor  
  17  1:14  Spawning Pool  
  17  1:17  Drone  
  17  1:21  Drone  
  18  1:28  Drone  
  19  1:38  Overlord  
  19  1:49  Drone  
  20  2:01  Queen, Zergling x2  
  20  2:04  Metabolic Boost  
  23  2:08  Queen  
  23  2:10  Zergling x2  
  23  2:13  Drone  
  27  2:20  Drone  
  27  2:22  Drone  
  29  2:37  Hatchery  
  29  2:40  Drone  
  29  2:42  Drone  
  30  2:45  Drone  
  30  2:47  Drone  
  32  2:52  Overlord  
  32  2:57  Drone  
  33  3:02  Queen  
  35  3:06  Drone  
  35  3:11  Drone x3  
  39  3:13  Drone  
  39  3:18  Overlord  
  40  3:21  Drone  
  40  3:23  Drone  
  40  3:24  Drone  
  43  3:27  Drone  
  43  3:33  Overlord  
  44  3:37  Lair  
  44  3:45  Drone  
  44  3:46  Roach Warren  
  44  3:48  Drone  
  45  3:49  Drone  
  45  3:51  Drone  
  45  3:54  Drone, Extractor  
  47  3:55  Extractor  
  47  3:57  Drone  
  47  3:58  Drone  
  47  4:00  Drone  
  47  4:02  Drone  
  50  4:12  Overlord  
  49  4:20  Spore Crawler  
  48  4:26  Roach x6  
  48  4:30  Spore Crawler  
  59  4:34  Overseer  
  59  4:35  Zergling x6  
  59  4:53  Drone  
  59  4:54  Drone x5  
  59  4:59  Drone x2  
  66  5:00  Drone  
  66  5:03  Drone  
  66  5:04  Drone  
  66  5:06  Drone  
  70  5:09  Drone  
  70  5:10  Drone  
  70  5:13  Overlord  
  72  5:17  Overlord  
  72  5:22  Drone, Spore Crawler  
  72  5:23  Drone  
  72  5:26  Spore Crawler, Overlord  
  73  5:33  Glial Reconstitution  
  73  5:41  Drone x8  
  81  5:48  Extractor  
  78  5:51  Roach x5  
  87  6:03  Drone x2  
  89  6:10  Drone x3, Extractor  
  91  6:14  Overlord x2  
  91  6:15  Overlord  
  91  6:16  Overlord, Hatchery  
  90  6:23  Extractor  
  90  6:25  Overlord  
  89  6:34  Drone x3  
  89  6:38  Drone x3  
  89  6:39  Drone x2  
  96  6:40  Roach  
  96  6:41  Roach x2  
  96  6:46  Roach x3  
  108  6:47  Spire  
  108  6:48  Roach  
  108  6:50  Roach  
  111  7:01  Baneling Nest, Overlord x2  
  111  7:04  Roach x2  
  111  7:06  Ravager x5  
  111  7:07  Ravager, Extractor  
  119  7:09  Overlord, Extractor  
  119  7:11  Overlord  
  118  7:17  Roach x2  
  118  7:19  Overlord  
  118  7:20  Overlord  
  118  7:22  Roach  
  124  7:25  Roach x2  
  124  7:26  Ravager x2  
  124  7:29  Roach  
  132  7:30  Roach  
  132  7:32  Roach  
  132  7:33  Roach  
  132  7:34  Roach  
  130  7:38  Roach  
  130  7:40  Roach x2  
  130  7:41  Roach  
  129  7:45  Roach x2  
  129  7:46  Ravager x2  
  129  7:49  Roach  
  135  7:52  Roach x2  
  135  7:57  Roach x2  
  138  7:59  Roach x2  
  138  8:01  Roach  
  138  8:02  Roach  
  138  8:09  Roach x2  
  138  8:10  Roach x2  
  138  8:12  Roach  
  129  8:14  Ravager x4  
  129  8:15  Roach  
  129  8:17  Roach  
  137  8:21  Roach x2  
  137  8:23  Roach  
  137  8:24  Roach  
  143  8:29  Roach x2  
  143  8:30  Roach  
  143  8:31  Roach  
  147  8:36  Ravager, Roach  
  147  8:37  Roach x2  
  147  8:40  Roach  
  142  8:41  Roach  
  142  8:44  Roach x2  
  142  8:47  Roach  
  127  8:52  Roach  
  127  8:54  Queen x2  
  126  8:57  Roach  
  126  8:58  Ravager  
  126  8:59  Roach  
  126  9:00  Roach  
  135  9:03  Roach  
  135  9:06  Roach x2  
  139  9:14  Roach  
  139  9:15  Roach  
  135  9:20  Roach  
  131  9:25  Roach  
  131  9:26  Roach x2  
  131  9:27  Ravager x2  
  131  9:28  Roach x2  
  131  9:29  Roach, Queen  
  147  9:36  Roach x2  
  151  9:42  Roach  
  141  9:46  Roach  
  141  9:49  Zergling x2  
  141  9:50  Queen x2  
  137  9:52  Roach  
  137  9:54  Roach x2  
  137  9:58  Roach  
  123  10:00  Roach  
  123  10:04  Drone  
  123  10:05  Drone  
  123  10:06  Drone  
  113  10:07  Drone  
  113  10:10  Drone  
  113  10:11  Drone  
  114  10:26  Mutalisk  
  115  10:31  Mutalisk  
  115  10:35  Mutalisk  
  115  10:36  Mutalisk  
  115  10:38  Mutalisk, Hatchery  
  115  10:42  Mutalisk  
  116  10:44  Mutalisk  
  118  10:52  Mutalisk x2  
  118  10:53  Mutalisk  
  118  10:56  Roach  
  126  10:57  Roach  
  126  11:01  Roach x2  
  126  11:03  Roach  
  134  11:05  Roach  
  134  11:07  Roach  
  138  11:15  Ravager  
  138  11:16  Ravager x2, Roach  
  143  11:21  Overlord x2  
  143  11:23  Roach x3  
  149  11:27  Roach x2  
  149  11:30  Overlord  
  155  11:33  Roach  
  155  11:34  Ravager  
  155  11:35  Ravager  
  157  11:42  Roach x3  
  161  11:52  Roach x2  
  161  11:53  Roach x2  
  169  11:59  Roach  
  169  12:00  Roach x2  
  173  12:04  Roach  
  173  12:05  Roach x2  
  173  12:06  Roach  
  177  12:11  Roach  
  177  12:13  Roach  
  177  12:14  Roach  
  175  12:16  Roach  
  175  12:21  Roach x2  
  169  12:25  Roach x3  
  169  12:27  Roach  
  169  12:29  Roach  
  163  12:33  Roach x2  
  163  12:36  Roach  
  163  12:37  Roach  
  151  12:38  Roach  
  151  12:39  Ravager  
  151  12:40  Ravager  
  151  12:42  Roach  
  157  12:46  Roach  
  157  12:47  Roach  
  155  12:52  Roach x3  
  155  12:53  Ravager x2  
  155  12:54  Ravager  
  155  12:56  Roach  
  162  13:11  Roach x8  
  162  13:14  Roach  
  162  13:16  Roach  
  157  13:20  Drone x2  
  157  13:22  Drone  
  160  13:27  Ravager x3  
  163  13:42  Drone x2  
  163  13:44  Baneling Nest  
  163  13:45  Drone  
  163  13:46  Evolution Chamber  
  164  13:49  Roach x5  
  170  13:56  Overseer x2  
  170  14:04  Overlord x2  
  170  14:06  Zergling x2  
  170  14:07  Zergling x2  
  172  14:12  Zergling x2  
  172  14:14  Spore Crawler  
  172  14:17  Overlord  
  171  14:28  Roach x3  
  171  14:29  Roach x2  
  178  14:33  Roach x2  
  178  14:36  Roach  
  181  14:38  Roach  
  181  14:41  Roach  
  181  14:43  Roach  
  177  14:46  Roach  
  177  14:48  Roach  
  177  14:50  Roach  
  175  14:53  Roach  
  175  14:55  Roach  
  175  14:57  Roach  
  167  15:00  Roach  
  167  15:03  Roach  
  167  15:06  Roach  
  150  15:16  Roach  
  150  15:17  Roach x3  
  110  15:30  Ravager x3  
Tags
 
Add a new tag
Caveats
  • Supply blocks, unpowered buildings, or Contaminate may cause inaccurate times.
  • Supply counts are checked every 10 seconds.